Predators vs Bruins

Created - March 21 2012 at 18:57

Goals
1 2 3 T
Predators 0 0 0 0
Bruins 1 3 1 5
Shots
1 2 3 T
Predators 7 4 2 13
Bruins 18 13 9 40

Period #1

1. Bruins , Zdeno Chara 17 (David Krejci, Ales Hemsky) at 7:21 (PP)

Penalties :
Dennis Seidenberg (BOS) for Roughing (Minor) at 3:41, Francis Bouillon (NSH) for Interference (Minor) at 5:53, Brandon Prust (NSH) for Hooking (Minor) at 9:54, Braydon Coburn (NSH) for Holding (Minor) at 13:14, Tobias Enstrom (BOS) for High sticking (Minor) at 18:51

Period #2

2. Bruins , Patrice Bergeron 19 (David Krejci, Zach Bogosian) at 4:11
3. Bruins , Nathan Horton 21 (Patrice Bergeron) at 10:14
4. Bruins , Chris Kunitz 41 (David Krejci, Jordan Leopold) at 19:37

Penalties :
Steven Stamkos (NSH) for Roughing (Minor) at 2:21, Zdeno Chara (BOS) for Roughing (Minor) at 2:30, Mikhail Grabovski (NSH) for Holding (Minor) at 7:09, Dennis Seidenberg (BOS) for Goalie Interference (Minor) at 8:00, Shea Weber (NSH) for Tripping (Minor) at 10:25, Marian Gaborik (NSH) for Hooking (Minor) at 12:54, Dennis Seidenberg (BOS) for Hooking (Minor) at 16:09

Period #3

5. Bruins , Zdeno Chara 18 (Milan Lucic, Nathan Horton) at 2:02 (PP)

Penalties :
Jeff Carter (NSH) for Roughing (Double Minor) at 1:33, Cody Franson (NSH) for Hooking (Minor) at 1:50, Brandon Prust (NSH) for Roughing (Minor) at 4:40, Derick Brassard (BOS) for High sticking (Minor) at 12:17, Zdeno Chara (BOS) for Tripping (Minor) at 16:18, Evander Kane (BOS) for Tripping (Minor) at 19:30

Goalie Stats

Pekka Rinne (NSH), 35 saves from 40 shots - (0.875), L, 34-22-4, 60:00 minutes
Cam Ward (BOS), 13 saves from 13 shots - (1.000), W, 41-19-1, 60:00 minutes

Players Stats

Predators
Player Name              G  A  P  +/- PIM S  H  SB FO    MP 
------------------------------------------------------------
Brandon Prust            0  0  0  -2  4   0  0  1  0/0   9  
Braydon Coburn           0  0  0  -1  2   0  3  1  0/0   19 
Brent Burns              0  0  0  -1  0   0  2  0  0/0   21 
Chad LaRose              0  0  0  -2  0   0  1  0  0/1   15 
Cody Franson             0  0  0  -1  2   2  0  0  0/0   19 
Francis Bouillon         0  0  0   0  2   0  3  1  0/0   15 
Jeff Carter              0  0  0  -1  4   1  1  0  1/3   21 
Marian Gaborik           0  0  0  -1  2   4  0  0  3/7   15 
Max Pacioretty           0  0  0   0  0   0  2  0  1/1   11 
Mikhail Grabovski        0  0  0  -1  2   0  2  0  8/15  16 
Nicklas Backstrom        0  0  0  -1  0   2  1  1  9/22  22 
Patric Hornqvist         0  0  0   0  0   1  0  0  0/0   12 
Paul Gaustad             0  0  0   0  0   0  0  0  1/3   3  
Shea Weber               0  0  0  -1  2   1  2  1  0/0   24 
Steven Stamkos           0  0  0   0  2   2  1  1  6/12  21 
T.J. Galiardi            0  0  0   0  0   0  0  0  8/18  8  
Tomas Kaberle            0  0  0  -2  0   0  0  1  0/0   22 
Wayne Simmonds           0  0  0   0  0   0  3  0  0/0   9  
Bruins
Player Name              G  A  P  +/- PIM S  H  SB FO    MP 
------------------------------------------------------------
Adam McQuaid             0  0  0   0  0   1  2  1  0/0   16 
Ales Hemsky              0  1  1   1  0   4  0  0  0/0   19 
Brad Marchand            0  0  0   0  0   0  1  0  1/1   14 
Chris Kelly              0  0  0   0  0   0  2  1  5/10  10 
Chris Kunitz             1  0  1   1  0   4  3  0  1/1   19 
David Krejci             0  3  3   2  0   1  1  1  10/23 23 
Dennis Seidenberg        0  0  0   1  6   3  2  0  0/0   21 
Derick Brassard          0  0  0   0  2   1  0  0  3/7   9  
Evander Kane             0  0  0   0  2   0  3  0  1/1   11 
Jordan Leopold           0  1  1   1  0   5  1  1  0/0   22 
Milan Lucic              0  1  1   1  0   5  3  0  2/2   17 
Nathan Horton            1  1  2   1  0   3  1  0  0/1   13 
Patrice Bergeron         1  1  2   2  0   1  0  0  12/20 11 
Rich Peverley            0  0  0   0  0   2  1  0  0/0   7  
Tobias Enstrom           0  0  0   1  2   2  2  0  0/0   20 
Tyler Seguin             0  0  0   1  0   1  1  0  10/16 15 
Zach Bogosian            0  1  1   1  0   1  0  2  0/0   16 
Zdeno Chara              2  0  2   1  4   6  2  4  0/0   23 

3 Stars

1 - David Krejci (BOS)
2 - Patrice Bergeron (BOS)
3 - Zdeno Chara (BOS)

Power Play

Predators - 0 on 8 Attempt(s) - 0.00%
Bruins - 2 on 11 Attempt(s) - 18.18%

Penalty Kill

Predators - 9 on 11 Attempt(s) - 81.82% - Score 0 goal in Penalty Kill
Bruins - 8 on 8 Attempt(s) - 100.00% - Score 0 goal in Penalty Kill

Game Notes

Paul Gaustad is injured at 12:56 of 1st period (Sprained Left Ankle)

Finance

Level 1 -- Attendance: 6500 (100.00%) -- Ticket Income $487,500.00
Level 2 -- Attendance: 5000 (100.00%) -- Ticket Income $250,000.00
Level 3 -- Attendance: 3317 (94.77%) -- Ticket Income $99,510.00
Level 4 -- Attendance: 1565 (100.00%) -- Ticket Income $31,300.00
Luxury Box -- Attendance: 1000 (100.00%) -- Ticket Income $150,000.00
Game was played at the TD Garden
Total Attendance: 17382 (98.96%)
Total Ticket Income: $1,073,713.00
Other Income: $198,879.90
Total Income: $1,272,593.00


Play by Play

Period #1

0:01 of 1st period - Marian Gaborik wins face-off versus Patrice Bergeron in neutral zone.
0:06 of 1st period - Shot by Marian Gaborik.
0:06 of 1st period - Stopped by Cam Ward with a rebound.
0:14 of 1st period - Shot by Nathan Horton.
0:14 of 1st period - Shot Hit the Post.
0:16 of 1st period - Shot by Patrice Bergeron.
0:16 of 1st period - Shot Misses the Net.
0:20 of 1st period - Shot by Nathan Horton.
0:20 of 1st period - Stopped by Pekka Rinne with a rebound.
1:39 of 1st period - Icing by Brent Burns.
1:40 of 1st period - Derick Brassard wins face-off versus Mikhail Grabovski in Predators zone.
1:40 of 1st period - Evander Kane is hit by Brent Burns.
2:14 of 1st period - Shot by Evander Kane.
2:14 of 1st period - Shot Blocked by Brandon Prust.
2:51 of 1st period - Shot by Tyler Seguin.
2:51 of 1st period - Stopped by Pekka Rinne without a rebound.
2:52 of 1st period - Steven Stamkos wins face-off versus David Krejci in Predators zone.
3:14 of 1st period - Ales Hemsky is hit by Francis Bouillon and loses puck.
3:32 of 1st period - Shot by Ales Hemsky.
3:32 of 1st period - Stopped by Pekka Rinne without a rebound.
3:33 of 1st period - Nicklas Backstrom wins face-off versus Chris Kelly in Predators zone.
3:33 of 1st period - Nicklas Backstrom is hit by Chris Kelly.
3:40 of 1st period - Shea Weber is hit by Dennis Seidenberg.
3:41 of 1st period - Minor Penalty to Dennis Seidenberg for Roughing.
3:42 of 1st period - Nicklas Backstrom wins face-off versus Patrice Bergeron in Bruins zone.
4:09 of 1st period - Shot by Jeff Carter.
4:09 of 1st period - Stopped by Cam Ward without a rebound.
4:10 of 1st period - Mikhail Grabovski wins face-off versus David Krejci in Bruins zone.
5:03 of 1st period - Icing by Patric Hornqvist.
5:04 of 1st period - Patrice Bergeron wins face-off versus Nicklas Backstrom in Predators zone.
5:04 of 1st period - Patrice Bergeron is hit by Brent Burns.
5:42 of 1st period - Shot by Tomas Kaberle.
5:42 of 1st period - Shot Misses the Net.
5:53 of 1st period - Minor Penalty to Francis Bouillon for Interference.
5:54 of 1st period - Tyler Seguin wins face-off versus T.J. Galiardi in Predators zone.
5:55 of 1st period - Shot by Dennis Seidenberg.
5:55 of 1st period - Stopped by Pekka Rinne without a rebound.
5:56 of 1st period - Tyler Seguin wins face-off versus T.J. Galiardi in Predators zone.
6:15 of 1st period - Shot by Milan Lucic.
6:15 of 1st period - Stopped by Pekka Rinne without a rebound.
6:16 of 1st period - David Krejci wins face-off versus Paul Gaustad in Predators zone.
6:23 of 1st period - Shot by David Krejci.
6:23 of 1st period - Stopped by Pekka Rinne without a rebound.
6:24 of 1st period - Chris Kunitz wins face-off versus T.J. Galiardi in Predators zone.
6:29 of 1st period - Shot by Ales Hemsky.
6:29 of 1st period - Shot Misses the Net.
6:31 of 1st period - Shot by Zdeno Chara.
6:31 of 1st period - Stopped by Pekka Rinne with a rebound.
6:33 of 1st period - Shot by David Krejci.
6:33 of 1st period - Deflect By Chris Kunitz.
6:33 of 1st period - Shot Misses the Net.
6:35 of 1st period - Shot by Zdeno Chara.
6:35 of 1st period - Stopped by Pekka Rinne without a rebound.
6:36 of 1st period - Tyler Seguin wins face-off versus Paul Gaustad in Predators zone.
6:36 of 1st period - Tyler Seguin is hit by Braydon Coburn.
6:38 of 1st period - Shot by Dennis Seidenberg.
6:38 of 1st period - Shot Misses the Net.
6:40 of 1st period - Shot by Milan Lucic.
6:40 of 1st period - Shot Misses the Net.
6:42 of 1st period - Shot by Dennis Seidenberg.
6:42 of 1st period - Shot Misses the Net.
6:46 of 1st period - Shot by Milan Lucic.
6:46 of 1st period - Deflect By Tyler Seguin.
6:46 of 1st period - Shot Misses the Net.
6:48 of 1st period - Shot by Jordan Leopold.
6:48 of 1st period - Stopped by Pekka Rinne without a rebound.
6:49 of 1st period - T.J. Galiardi wins face-off versus David Krejci in Predators zone.
6:49 of 1st period - T.J. Galiardi is hit by Chris Kunitz.
7:19 of 1st period - Shot by Zdeno Chara.
7:19 of 1st period - Shot Blocked by Braydon Coburn.
7:21 of 1st period - Shot by Zdeno Chara.
7:21 of 1st period - Goal by Zdeno Chara - Predators : 0 - Bruins : 1.
7:22 of 1st period - Chris Kelly wins face-off versus Nicklas Backstrom in neutral zone.
8:02 of 1st period - Nicklas Backstrom is hit by Adam McQuaid and loses puck.
8:35 of 1st period - Shot by Ales Hemsky.
8:35 of 1st period - Stopped by Pekka Rinne with a rebound.
8:53 of 1st period - Shot by Ales Hemsky.
8:53 of 1st period - Shot Misses the Net.
8:55 of 1st period - Shot by Jordan Leopold.
8:55 of 1st period - Stopped by Pekka Rinne without a rebound.
8:56 of 1st period - Mikhail Grabovski wins face-off versus Derick Brassard in Predators zone.
9:01 of 1st period - Shot by Brent Burns.
9:01 of 1st period - Shot Misses the Net.
9:05 of 1st period - Shot by Steven Stamkos.
9:05 of 1st period - Shot Blocked by Zach Bogosian.
9:18 of 1st period - Steven Stamkos is hit by Zdeno Chara and loses puck.
9:52 of 1st period - Shea Weber is hit by Tobias Enstrom and loses puck.
9:54 of 1st period - Minor Penalty to Brandon Prust for Hooking.
9:55 of 1st period - Tyler Seguin wins face-off versus T.J. Galiardi in Predators zone.
10:01 of 1st period - Nathan Horton is hit by Francis Bouillon and loses puck.
10:28 of 1st period - Shot by Dennis Seidenberg.
10:28 of 1st period - Stopped by Pekka Rinne without a rebound.
10:29 of 1st period - David Krejci wins face-off versus T.J. Galiardi in Predators zone.
10:51 of 1st period - Shot by Ales Hemsky.
10:51 of 1st period - Shot Hit the Post.
11:06 of 1st period - Zdeno Chara is hit by Chad LaRose and loses puck.
11:19 of 1st period - Shot by Jeff Carter.
11:19 of 1st period - Shot Blocked by David Krejci.
11:21 of 1st period - Shot by Jeff Carter.
11:21 of 1st period - Shot Blocked by Zdeno Chara.
11:23 of 1st period - Shot by Jeff Carter.
11:23 of 1st period - Shot Blocked by Zdeno Chara.
11:25 of 1st period - Shot by Paul Gaustad.
11:25 of 1st period - Shot Blocked by Zdeno Chara.
12:09 of 1st period - Shot by Nicklas Backstrom.
12:09 of 1st period - Deflect By Patric Hornqvist.
12:09 of 1st period - Stopped by Cam Ward without a rebound.
12:10 of 1st period - Evander Kane wins face-off versus Steven Stamkos in Bruins zone.
12:29 of 1st period - Shot by Steven Stamkos.
12:29 of 1st period - Shot Hit the Post.
12:31 of 1st period - Shot by Cody Franson.
12:31 of 1st period - Stopped by Cam Ward with a rebound.
12:33 of 1st period - Shot by Cody Franson.
12:33 of 1st period - Shot Blocked by Zach Bogosian.
12:35 of 1st period - Shot by Cody Franson.
12:35 of 1st period - Stopped by Cam Ward without a rebound.
12:36 of 1st period - Nicklas Backstrom wins face-off versus Patrice Bergeron in Bruins zone.
12:45 of 1st period - Shot by Marian Gaborik.
12:45 of 1st period - Stopped by Cam Ward with a rebound.
12:47 of 1st period - Shot by Nicklas Backstrom.
12:47 of 1st period - Stopped by Cam Ward without a rebound.
12:48 of 1st period - Paul Gaustad wins face-off versus Chris Kelly in Bruins zone.
12:49 of 1st period - Shot by Shea Weber.
12:49 of 1st period - Shot Blocked by Adam McQuaid.
12:55 of 1st period - Paul Gaustad is hit by Chris Kelly and loses puck.
12:56 of 1st period - Paul Gaustad from Predators is injured at 12:56 of 1st period (Sprained Left Ankle).
12:57 of 1st period - Mikhail Grabovski wins face-off versus Patrice Bergeron in Predators zone.
13:14 of 1st period - Minor Penalty to Braydon Coburn for Holding.
13:15 of 1st period - David Krejci wins face-off versus Chad LaRose in Predators zone.
14:17 of 1st period - Jordan Leopold is hit by Shea Weber.
14:21 of 1st period - Shot by Milan Lucic.
14:21 of 1st period - Stopped by Pekka Rinne without a rebound.
14:22 of 1st period - T.J. Galiardi wins face-off versus Tyler Seguin in Predators zone.
14:37 of 1st period - Shot by Jordan Leopold.
14:37 of 1st period - Shot Misses the Net.
14:41 of 1st period - Shot by Milan Lucic.
14:41 of 1st period - Deflect By Nathan Horton.
14:41 of 1st period - Stopped by Pekka Rinne without a rebound.
14:42 of 1st period - Tyler Seguin wins face-off versus T.J. Galiardi in Predators zone.
14:55 of 1st period - Shot by Jordan Leopold.
14:55 of 1st period - Stopped by Pekka Rinne with a rebound.
14:59 of 1st period - Shot by Jordan Leopold.
14:59 of 1st period - Stopped by Pekka Rinne without a rebound.
15:00 of 1st period - David Krejci wins face-off versus T.J. Galiardi in Predators zone.
15:00 of 1st period - Ales Hemsky is hit by Francis Bouillon and loses puck.
15:11 of 1st period - Shot by Tobias Enstrom.
15:11 of 1st period - Shot Misses the Net.
15:13 of 1st period - Shot by Tobias Enstrom.
15:13 of 1st period - Deflect By Chris Kunitz.
15:13 of 1st period - Shot Blocked by Shea Weber.
15:15 of 1st period - Shot by Zach Bogosian.
15:15 of 1st period - Shot Blocked by Nicklas Backstrom.
15:19 of 1st period - Shot by Derick Brassard.
15:19 of 1st period - Shot Misses the Net.
15:21 of 1st period - Shot by Zach Bogosian.
15:21 of 1st period - Stopped by Pekka Rinne without a rebound.
15:22 of 1st period - Mikhail Grabovski wins face-off versus Derick Brassard in Predators zone.
15:42 of 1st period - Icing by Zdeno Chara.
15:43 of 1st period - Derick Brassard wins face-off versus Nicklas Backstrom in Bruins zone.
15:50 of 1st period - Shot by Zach Bogosian.
15:50 of 1st period - Shot Misses the Net.
16:38 of 1st period - Icing by Shea Weber.
16:39 of 1st period - Nicklas Backstrom wins face-off versus Chris Kelly in Predators zone.
16:56 of 1st period - Max Pacioretty is hit by Rich Peverley and loses puck.
17:47 of 1st period - Shot by Jeff Carter.
17:47 of 1st period - Shot Misses the Net.
17:49 of 1st period - Shot by Braydon Coburn.
17:49 of 1st period - Shot Misses the Net.
17:53 of 1st period - Shot by Mikhail Grabovski.
17:53 of 1st period - Shot Misses the Net.
18:00 of 1st period - Marian Gaborik is hit by Jordan Leopold.
18:13 of 1st period - Shot by Jeff Carter.
18:13 of 1st period - Shot Misses the Net.
18:50 of 1st period - Shot by Brandon Prust.
18:50 of 1st period - Shot Misses the Net.
18:51 of 1st period - Minor Penalty to Tobias Enstrom for High sticking.
18:52 of 1st period - Patrice Bergeron wins face-off versus Mikhail Grabovski in Bruins zone.
19:46 of 1st period - Shot by Nathan Horton.
19:46 of 1st period - Shot Blocked by Tomas Kaberle.

Period #2

0:01 of 2nd period - Patrice Bergeron wins face-off versus Mikhail Grabovski in neutral zone.
0:14 of 2nd period - Shot by Mikhail Grabovski.
0:14 of 2nd period - Shot Misses the Net.
0:16 of 2nd period - Shot by Shea Weber.
0:16 of 2nd period - Stopped by Cam Ward without a rebound.
0:17 of 2nd period - Nicklas Backstrom wins face-off versus Patrice Bergeron in Bruins zone.
1:18 of 2nd period - Shot by Max Pacioretty.
1:18 of 2nd period - Shot Blocked by Jordan Leopold.
2:21 of 2nd period - Minor Penalty to Steven Stamkos for Roughing.
2:22 of 2nd period - Mikhail Grabovski wins face-off versus Tyler Seguin in Predators zone.
2:22 of 2nd period - Mikhail Grabovski is hit by Milan Lucic.
2:29 of 2nd period - Icing by Dennis Seidenberg.
2:30 of 2nd period - Mikhail Grabovski wins face-off versus Tyler Seguin in Bruins zone.
2:30 of 2nd period - Minor Penalty to Zdeno Chara for Roughing.
2:31 of 2nd period - Patrice Bergeron wins face-off versus Nicklas Backstrom in Bruins zone.
2:38 of 2nd period - Icing by Marian Gaborik.
2:39 of 2nd period - Marian Gaborik wins face-off versus Patrice Bergeron in Predators zone.
2:44 of 2nd period - Patrice Bergeron is hit by Nicklas Backstrom and loses puck.
2:55 of 2nd period - Shot by Mikhail Grabovski.
2:55 of 2nd period - Deflect By Marian Gaborik.
2:55 of 2nd period - Shot Hit the Post.
2:57 of 2nd period - Shot by Marian Gaborik.
2:57 of 2nd period - Stopped by Cam Ward without a rebound.
2:58 of 2nd period - Chris Kelly wins face-off versus Mikhail Grabovski in Bruins zone.
2:58 of 2nd period - Chris Kelly is hit by Mikhail Grabovski.
3:34 of 2nd period - Shot by Jeff Carter.
3:34 of 2nd period - Shot Misses the Net.
4:11 of 2nd period - Shot by Patrice Bergeron.
4:11 of 2nd period - Goal by Patrice Bergeron - Predators : 0 - Bruins : 2.
4:12 of 2nd period - Patrice Bergeron wins face-off versus Marian Gaborik in neutral zone.
4:32 of 2nd period - Icing by Brent Burns.
4:33 of 2nd period - Steven Stamkos wins face-off versus Derick Brassard in Predators zone.
4:33 of 2nd period - Steven Stamkos is hit by Evander Kane.
5:21 of 2nd period - Icing by Jordan Leopold.
5:22 of 2nd period - David Krejci wins face-off versus Nicklas Backstrom in Bruins zone.
7:09 of 2nd period - Minor Penalty to Mikhail Grabovski for Holding.
7:10 of 2nd period - Milan Lucic wins face-off versus T.J. Galiardi in Predators zone.
7:19 of 2nd period - Shot by Dennis Seidenberg.
7:19 of 2nd period - Shot Misses the Net.
7:21 of 2nd period - Shot by Tyler Seguin.
7:21 of 2nd period - Shot Misses the Net.
7:23 of 2nd period - Shot by Nathan Horton.
7:23 of 2nd period - Deflect By Milan Lucic.
7:23 of 2nd period - Stopped by Pekka Rinne without a rebound.
7:24 of 2nd period - David Krejci wins face-off versus Marian Gaborik in Predators zone.
7:27 of 2nd period - Shot by Ales Hemsky.
7:27 of 2nd period - Deflect By Chris Kunitz.
7:27 of 2nd period - Stopped by Pekka Rinne without a rebound.
7:28 of 2nd period - Marian Gaborik wins face-off versus David Krejci in Predators zone.
7:41 of 2nd period - Shot by Chris Kunitz.
7:41 of 2nd period - Stopped by Pekka Rinne with a rebound.
7:43 of 2nd period - Shot by Ales Hemsky.
7:43 of 2nd period - Stopped by Pekka Rinne without a rebound.
7:44 of 2nd period - Tyler Seguin wins face-off versus Marian Gaborik in Predators zone.
7:47 of 2nd period - Shot by Nathan Horton.
7:47 of 2nd period - Shot Misses the Net.
8:00 of 2nd period - Minor Penalty to Dennis Seidenberg for Goalie Interference.
8:01 of 2nd period - Chris Kelly wins face-off versus Nicklas Backstrom in Bruins zone.
9:10 of 2nd period - Shot by Steven Stamkos.
9:10 of 2nd period - Stopped by Cam Ward without a rebound.
9:11 of 2nd period - David Krejci wins face-off versus Mikhail Grabovski in Bruins zone.
9:52 of 2nd period - Patric Hornqvist is hit by Brad Marchand and loses puck.
10:05 of 2nd period - Shot by Nathan Horton.
10:05 of 2nd period - Shot Misses the Net.
10:11 of 2nd period - Shot by Milan Lucic.
10:11 of 2nd period - Stopped by Pekka Rinne without a rebound.
10:12 of 2nd period - Patrice Bergeron wins face-off versus Jeff Carter in Predators zone.
10:12 of 2nd period - Patrice Bergeron is hit by Braydon Coburn.
10:14 of 2nd period - Shot by Nathan Horton.
10:14 of 2nd period - Goal by Nathan Horton - Predators : 0 - Bruins : 3.
10:15 of 2nd period - Patrice Bergeron wins face-off versus Nicklas Backstrom in neutral zone.
10:25 of 2nd period - Minor Penalty to Shea Weber for Tripping.
10:26 of 2nd period - David Krejci wins face-off versus T.J. Galiardi in Predators zone.
10:27 of 2nd period - Shot by Zdeno Chara.
10:27 of 2nd period - Shot Misses the Net.
10:33 of 2nd period - Shot by Zdeno Chara.
10:33 of 2nd period - Stopped by Pekka Rinne without a rebound.
10:34 of 2nd period - Tyler Seguin wins face-off versus Nicklas Backstrom in Predators zone.
11:13 of 2nd period - Braydon Coburn is hit by Nathan Horton and loses puck.
11:24 of 2nd period - Brent Burns is hit by Milan Lucic and loses puck.
11:49 of 2nd period - Shot by Zdeno Chara.
11:49 of 2nd period - Stopped by Pekka Rinne without a rebound.
11:50 of 2nd period - T.J. Galiardi wins face-off versus David Krejci in Predators zone.
11:50 of 2nd period - T.J. Galiardi is hit by Chris Kunitz.
12:54 of 2nd period - Minor Penalty to Marian Gaborik for Hooking.
12:55 of 2nd period - Tyler Seguin wins face-off versus Steven Stamkos in Predators zone.
13:12 of 2nd period - Shot by Jordan Leopold.
13:12 of 2nd period - Stopped by Pekka Rinne without a rebound.
13:13 of 2nd period - T.J. Galiardi wins face-off versus David Krejci in Predators zone.
13:36 of 2nd period - Shot by Tobias Enstrom.
13:36 of 2nd period - Shot Misses the Net.
13:38 of 2nd period - Shot by Tobias Enstrom.
13:38 of 2nd period - Shot Blocked by Francis Bouillon.
13:40 of 2nd period - Shot by Chris Kunitz.
13:40 of 2nd period - Stopped by Pekka Rinne without a rebound.
13:41 of 2nd period - Nicklas Backstrom wins face-off versus Tyler Seguin in Predators zone.
13:57 of 2nd period - Shot by Tyler Seguin.
13:57 of 2nd period - Deflect By Milan Lucic.
13:57 of 2nd period - Shot Hit the Post.
14:39 of 2nd period - Shot by Tobias Enstrom.
14:39 of 2nd period - Stopped by Pekka Rinne without a rebound.
14:40 of 2nd period - Jeff Carter wins face-off versus Tyler Seguin in Predators zone.
16:09 of 2nd period - Minor Penalty to Dennis Seidenberg for Hooking.
16:10 of 2nd period - Patrice Bergeron wins face-off versus Mikhail Grabovski in Bruins zone.
16:19 of 2nd period - Marian Gaborik is hit by Milan Lucic and loses puck.
16:54 of 2nd period - Shot by Brent Burns.
16:54 of 2nd period - Shot Blocked by Chris Kelly.
17:24 of 2nd period - Icing by Braydon Coburn.
17:25 of 2nd period - Max Pacioretty wins face-off versus David Krejci in Predators zone.
17:27 of 2nd period - Icing by Shea Weber.
17:28 of 2nd period - T.J. Galiardi wins face-off versus David Krejci in Predators zone.
17:33 of 2nd period - Shot by Shea Weber.
17:33 of 2nd period - Shot Misses the Net.
18:03 of 2nd period - Shot by Nicklas Backstrom.
18:03 of 2nd period - Stopped by Cam Ward without a rebound.
18:04 of 2nd period - Patrice Bergeron wins face-off versus Steven Stamkos in Bruins zone.
18:32 of 2nd period - Off-side.
18:33 of 2nd period - Mikhail Grabovski wins face-off versus Patrice Bergeron in neutral zone.
19:00 of 2nd period - Shot by Milan Lucic.
19:00 of 2nd period - Shot Misses the Net.
19:02 of 2nd period - Shot by Patrice Bergeron.
19:02 of 2nd period - Shot Misses the Net.
19:37 of 2nd period - Shot by Chris Kunitz.
19:37 of 2nd period - Goal by Chris Kunitz - Predators : 0 - Bruins : 4.
19:38 of 2nd period - Chris Kelly wins face-off versus Steven Stamkos in neutral zone.
19:38 of 2nd period - Dennis Seidenberg is hit by Wayne Simmonds and loses puck.
19:53 of 2nd period - Shot by Chris Kelly.
19:53 of 2nd period - Shot Misses the Net.
19:55 of 2nd period - Shot by Chris Kelly.
19:55 of 2nd period - Shot Misses the Net.

Period #3

0:01 of 3rd period - Patrice Bergeron wins face-off versus Nicklas Backstrom in neutral zone.
0:23 of 3rd period - Icing by Nicklas Backstrom.
0:24 of 3rd period - David Krejci wins face-off versus Nicklas Backstrom in Predators zone.
0:24 of 3rd period - Tobias Enstrom is hit by Shea Weber and loses puck.
1:14 of 3rd period - Tobias Enstrom is hit by Jeff Carter and loses puck.
1:22 of 3rd period - Steven Stamkos is hit by Tobias Enstrom and loses puck.
1:33 of 3rd period - Double Minor Penalty to Jeff Carter for Roughing.
1:34 of 3rd period - T.J. Galiardi wins face-off versus Tyler Seguin in Predators zone.
1:50 of 3rd period - Minor Penalty to Cody Franson for Hooking.
1:51 of 3rd period - Tyler Seguin wins face-off versus T.J. Galiardi in Predators zone.
1:52 of 3rd period - Shot by Nathan Horton.
1:52 of 3rd period - Shot Misses the Net.
1:54 of 3rd period - Shot by Dennis Seidenberg.
1:54 of 3rd period - Deflect By Milan Lucic.
1:54 of 3rd period - Shot Misses the Net.
1:56 of 3rd period - Shot by Nathan Horton.
1:56 of 3rd period - Shot Misses the Net.
1:58 of 3rd period - Shot by Milan Lucic.
1:58 of 3rd period - Shot Hit the Post.
2:00 of 3rd period - Shot by Milan Lucic.
2:00 of 3rd period - Stopped by Pekka Rinne with a rebound.
2:02 of 3rd period - Shot by Zdeno Chara.
2:02 of 3rd period - Goal by Zdeno Chara - Predators : 0 - Bruins : 5.
2:03 of 3rd period - Milan Lucic wins face-off versus Steven Stamkos in neutral zone.
4:31 of 3rd period - Shot by Steven Stamkos.
4:31 of 3rd period - Stopped by Cam Ward with a rebound.
4:40 of 3rd period - Minor Penalty to Brandon Prust for Roughing.
4:41 of 3rd period - T.J. Galiardi wins face-off versus David Krejci in Predators zone.
4:49 of 3rd period - Off-side.
4:50 of 3rd period - Tyler Seguin wins face-off versus Nicklas Backstrom in neutral zone.
5:11 of 3rd period - Shot by Tyler Seguin.
5:11 of 3rd period - Shot Misses the Net.
5:13 of 3rd period - Shot by Dennis Seidenberg.
5:13 of 3rd period - Stopped by Pekka Rinne without a rebound.
5:14 of 3rd period - Nicklas Backstrom wins face-off versus David Krejci in Predators zone.
5:48 of 3rd period - Brent Burns is hit by Chris Kunitz and loses puck.
6:20 of 3rd period - Icing by Nathan Horton.
6:21 of 3rd period - T.J. Galiardi wins face-off versus Nathan Horton in Bruins zone.
6:52 of 3rd period - Icing by Adam McQuaid.
6:53 of 3rd period - Nicklas Backstrom wins face-off versus Derick Brassard in Bruins zone.
7:04 of 3rd period - Nicklas Backstrom is hit by Evander Kane and loses puck.
7:15 of 3rd period - Shot by Derick Brassard.
7:15 of 3rd period - Stopped by Pekka Rinne with a rebound.
7:19 of 3rd period - Shot by Adam McQuaid.
7:19 of 3rd period - Stopped by Pekka Rinne without a rebound.
7:20 of 3rd period - Chris Kelly wins face-off versus Mikhail Grabovski in Predators zone.
7:24 of 3rd period - Rich Peverley is hit by Braydon Coburn and loses puck.
7:39 of 3rd period - Shot by Rich Peverley.
7:39 of 3rd period - Stopped by Pekka Rinne without a rebound.
7:40 of 3rd period - Steven Stamkos wins face-off versus David Krejci in Predators zone.
8:08 of 3rd period - Shot by Tobias Enstrom.
8:08 of 3rd period - Shot Blocked by Steven Stamkos.
8:10 of 3rd period - Shot by Tobias Enstrom.
8:10 of 3rd period - Stopped by Pekka Rinne without a rebound.
8:11 of 3rd period - Derick Brassard wins face-off versus Nicklas Backstrom in Predators zone.
8:21 of 3rd period - Tomas Kaberle is hit by Zdeno Chara and loses puck.
8:36 of 3rd period - Shot by Nicklas Backstrom.
8:36 of 3rd period - Shot Misses the Net.
9:09 of 3rd period - Icing by Braydon Coburn.
9:10 of 3rd period - Mikhail Grabovski wins face-off versus Chris Kelly in Predators zone.
9:10 of 3rd period - Mikhail Grabovski is hit by Tyler Seguin.
9:32 of 3rd period - Shot by Rich Peverley.
9:32 of 3rd period - Stopped by Pekka Rinne without a rebound.
9:33 of 3rd period - Steven Stamkos wins face-off versus David Krejci in Predators zone.
9:40 of 3rd period - Jordan Leopold is hit by Max Pacioretty and loses puck.
9:55 of 3rd period - Steven Stamkos is hit by David Krejci and loses puck.
11:16 of 3rd period - Icing by Shea Weber.
11:17 of 3rd period - Nicklas Backstrom wins face-off versus Chris Kelly in Predators zone.
11:17 of 3rd period - Nicklas Backstrom is hit by Adam McQuaid.
12:16 of 3rd period - Jeff Carter is hit by Evander Kane and loses puck.
12:17 of 3rd period - Minor Penalty to Derick Brassard for High sticking.
12:18 of 3rd period - Steven Stamkos wins face-off versus Patrice Bergeron in Bruins zone.
12:49 of 3rd period - Dennis Seidenberg is hit by Mikhail Grabovski and loses puck.
14:03 of 3rd period - Shot by Max Pacioretty.
14:03 of 3rd period - Shot Misses the Net.
15:03 of 3rd period - Derick Brassard is hit by Steven Stamkos and loses puck.
15:25 of 3rd period - Icing by Zach Bogosian.
15:26 of 3rd period - Brad Marchand wins face-off versus Marian Gaborik in Bruins zone.
15:44 of 3rd period - Chad LaRose is hit by Dennis Seidenberg and loses puck.
15:55 of 3rd period - Shot by Marian Gaborik.
15:55 of 3rd period - Stopped by Cam Ward without a rebound.
15:56 of 3rd period - Patrice Bergeron wins face-off versus Steven Stamkos in Bruins zone.
15:56 of 3rd period - Patrice Bergeron is hit by Wayne Simmonds.
16:08 of 3rd period - Milan Lucic is hit by Wayne Simmonds and loses puck.
16:13 of 3rd period - Shot by Steven Stamkos.
16:13 of 3rd period - Deflect By Max Pacioretty.
16:13 of 3rd period - Shot Blocked by Zdeno Chara.
16:17 of 3rd period - Shot by Max Pacioretty.
16:17 of 3rd period - Shot Misses the Net.
16:18 of 3rd period - Minor Penalty to Zdeno Chara for Tripping.
16:19 of 3rd period - David Krejci wins face-off versus Jeff Carter in Bruins zone.
17:18 of 3rd period - Shot by Mikhail Grabovski.
17:18 of 3rd period - Shot Misses the Net.
17:20 of 3rd period - Shot by Shea Weber.
17:20 of 3rd period - Shot Misses the Net.
18:15 of 3rd period - Jordan Leopold is hit by Max Pacioretty and loses puck.
18:23 of 3rd period - Icing by Tobias Enstrom.
18:24 of 3rd period - Steven Stamkos wins face-off versus David Krejci in Bruins zone.
18:49 of 3rd period - Shot by Ales Hemsky.
18:49 of 3rd period - Stopped by Pekka Rinne with a rebound.
19:30 of 3rd period - Minor Penalty to Evander Kane for Tripping.
19:31 of 3rd period - Patrice Bergeron wins face-off versus Nicklas Backstrom in Bruins zone.


Output by the SimonT Hockey Simulator (STHS) for Stephane Roy -- Original Page W3C XHTML 1.0 Valid